 Seeded DCSS version 0.29.1-1-gd02db6906a (webtiles) character file.

Game seed: 8800239265270809476 (custom seed)

117 GigaChad the Conjurer (level 5, -1/28 HPs)
             Began as a Tengu Conjurer on Sept 27, 2022.
             Was an Initiate of Sif Muna.
             Slain by a crimson imp (4 damage)
             ... on level 4 of the Dungeon.
             The game lasted 00:05:48 (3491 turns).

GigaChad the Conjurer (Tengu Conjurer)              Turns: 3491, Time: 00:05:48

Health: -1/28      AC:  2    Str:  7    XL:     5   Next: 1%
Magic:  4/12       EV: 14    Int: 21    God:    Sif Muna [......]
Gold:   139        SH:  0    Dex: 12    Spells: 5/12 levels left

rFire   . . .      SeeInvis .   q - +0 mace
rCold   . . .      Faith    .   (no shield)
rNeg    . . .      Spirit   .   a - +0 robe
rPois   .          Reflect  .   (helmet restricted)
rElec   .          Harm     .   (no cloak)
rCorr   .          Rampage  .   (no gloves)
Will    .....                   (boots unavailable)
Stlth   ++........              (no amulet)
HPRegen 0.09/turn               (no ring)
MPRegen 0.13/turn               (no ring)

@: flying quickly and evasively, quick
A: beak, talons 3, nimble flight
a: Renounce Religion


You were on level 4 of the Dungeon.
You worshipped Sif Muna.
Sif Muna was noncommittal.
You visited 2 branches of the dungeon, and saw 5 of its levels.

You collected 139 gold pieces.

Inventory:

Hand Weapons
 q - a +0 mace (weapon)
Armour
 a - a +0 robe (worn)
Scrolls
 c - 2 scrolls of teleportation {unknown}
 e - a scroll of blinking {unknown}
 g - a scroll of enchant weapon {unknown}
 k - a scroll of silence {unknown}
 m - 4 scrolls of identify {unknown}
 n - 2 scrolls of butterflies {unknown}
 o - a scroll of vulnerability {unknown}
 p - a scroll of enchant armour {unknown}
Potions
 b - a potion of magic
 d - a potion of degeneration {unknown}
 f - a potion of berserk rage {unknown}
 h - a potion of invisibility {unknown}
 i - a potion of mutation {unknown}
 j - a potion of heal wounds {unknown}
 l - 5 potions of curing {unknown}


   Skills:
 - Level 2.3 Dodging
 - Level 2.1 Stealth
 + Level 4.1 Spellcasting
 - Level 6.0 Conjurations


You had 5 spell levels left.
You knew the following spells:

 Your Spells              Type           Power      Damage    Failure   Level
a - Magic Dart            Conj           100%       1d8       1%          1
b - Searing Ray           Conj           58%        2d6       1%          2
c - Fulminant Prism       Conj/Hex       8%         3d7       34%         4

Your spell library contained the following spells:

 Spells                   Type           Power      Damage    Failure   Level
 Dazzling Flash           Conj/Hex       32%        N/A       11%         3
 Sublimation of Blood     Necr           4%         N/A       19%         2
 Iskenderun's Mystic Bla  Conj/Tloc      16%        2d5       34%         4
 Sticky Flame             Conj/Fire      16%        2d4       34%         4
 Irradiate                Conj/Tmut      8%         3d14      67%         5
 Lightning Bolt           Conj/Air       8%         1d20      67%         5
 Petrify                  Tmut/Erth      4%         N/A       75%         4
 Conjure Ball Lightning   Conj/Air       8%         3x3d6     99%         6
 Fire Storm               Conj/Fire      8%         8d2       100%        9


Dungeon Overview and Level Annotations

Branches:
Dungeon (4/15)             Temple (1/1) D:4

Altars:
Ashenzari
Cheibriados
Elyvilon
Fedhas
Gozag
Hepliaklqana
Kikubaaqudgha
Makhleb
Nemelex Xobeh
Okawaru
Sif Muna
Uskayaw
Vehumet
Wu Jian
Xom
Yredelemnul
Zin
The Shining One


Innate Abilities, Weirdness & Mutations

You have a beak for a mouth.
You have claws for feet.
Your magical nature lets you fly swiftly and evasively.


Message History

The crimson imp hits you but does no damage.
The orc skeleton barely misses you. The hobgoblin zombie hits you.
The crimson imp blinks!
The hobgoblin zombie hits you.
You hit the orc skeleton.
You claw the orc skeleton, but do no damage.
The orc skeleton is almost destroyed.
The crimson imp completely misses you. The orc skeleton misses you.
The hobgoblin zombie hits you.
* * * LOW HITPOINT WARNING * * *
The kobold zombie closely misses you.
You are too injured to fight recklessly!
You are too injured to fight recklessly!
You are too injured to fight recklessly!
You are too injured to fight recklessly!
You hit the orc skeleton but do no damage.
You claw the orc skeleton.
You destroy the orc skeleton!
Sif Muna accepts your kill. The crimson imp barely misses you.
The hobgoblin zombie hits you.
* * * LOW HITPOINT WARNING * * *
The kobold zombie closely misses you. The crimson imp barely misses you.
You barely miss the hobgoblin zombie. You claw the hobgoblin zombie!
The hobgoblin zombie is severely damaged.
The hobgoblin zombie misses you.
The crimson imp blinks!
The kobold zombie closely misses you.
You hit the hobgoblin zombie.
You destroy the hobgoblin zombie!
Sif Muna accepts your kill. The crimson imp misses you.
The kobold zombie closely misses you. The crimson imp barely misses you.
The kobold zombie misses you.
You hit the kobold zombie. You claw the kobold zombie.
You destroy the kobold zombie!
Sif Muna accepts your kill. The crimson imp hits you.
* * * LOW HITPOINT WARNING * * *
The crimson imp blinks!
You miss the crimson imp. Your kick misses the crimson imp.
The crimson imp hits you.
You die...

.####.#..#...#.........)
............#.........#.
............##.........#
#...###..####......####
#....#..## ##........# #
#....## #.......#.
###.....## ##........
##........# #........
#..#.....@5.## ##.......
#..........# #.......
#...#.....## ####...#
##.#.....## ####. #
#....## ##.. #...##
##... ##### #..## ##.###
##.##


You could see a crimson imp.

Vanquished Creatures
  An adder (D:3)
  3 worms
  7 dart slugs
  6 orcs
  5 ball pythons
  7 endoplasms
  3 giant cockroaches
  4 goblins
  7 hobgoblins
  3 jackals
  3 kobolds
  5 quokkas
  3 bats
  7 frilled lizards
  3 hobgoblin zombies (D:4)
  A kobold skeleton (D:4)
  2 kobold zombies (D:4)
  An orc skeleton (D:4)
  An orc zombie (D:4)
  4 rats
76 creatures vanquished.

Notes
Turn   | Place    | Note
-------+----------+-------------------------------------------
     0 | D:1      | GigaChad the Tengu Conjurer began the quest for the Orb.
     0 | D:1      | Reached XP level 1. HP: 10/10 MP: 4/4
    31 | D:1      | Identified a scroll of acquirement
    31 | D:1      | Acquired the Dissertation on Battle Magic
   230 | D:1      | Reached XP level 2. HP: 15/15 MP: 3/6
   385 | D:1      | Reached skill level 6 in Conjurations
   605 | D:1      | Reached XP level 3. HP: 19/19 MP: 4/7
  1484 | D:2      | Learned a level 2 spell: Searing Ray
  1882 | D:2      | Reached XP level 4. HP: 24/24 MP: 4/9
  1887 | D:2      | Learned a level 4 spell: Fulminant Prism
  2621 | D:3      | Found a faded altar of an unknown god.
  2986 | D:4      | Found a staircase to the Ecumenical Temple.
  3007 | Temple   | Entered the Ecumenical Temple
  3084 | Temple   | Became a worshipper of Sif Muna the Loreminder
  3455 | D:4      | Found a glowing golden altar of the Shining One.
  3468 | D:4      | Gained mutation: Your magical nature lets you fly swiftly
                  | and evasively. [Tengu growth]
  3468 | D:4      | Reached XP level 5. HP: 17/28 MP: 3/12
  3491 | D:4      | Slain by a crimson imp

Illustrated notes

Levels and vault maps discovered:
D:1:      minmay_arrival_widening_spiral_wide, layout_rooms,
          serial_bayou_pond_b, minmay_crystal_room, st_stairs_3
D:2:      layout_basic, hex_tiny, minmay_tetromino_o2
D:3:      layout_rooms, hellmonk_ecumenical_altar_inner_sanctum, st_stairs_8,
          grunt_ministairs_6
D:4:      layout_cave_pods, nicolae_tso_besieged_by_evil,
          minmay_temple_entry_arrows
Temple:   bh_familiar_temple

Skill      XL: |  1  2  3  4 |
---------------+-------------+-----
Conjurations   | 6 |  6.0
Spellcasting   | 3 4 |  4.1
Dodging        | |  2.3
Stealth        | |  2.1

Action                   |  1- 3 |  4- 6 || total
-------------------------+-------+-------++-------
Melee: Unarmed           |     5 |       ||     5
       Kick              |     3 |     4 ||     7
       Peck              |     1 |       ||     1
       Mace              |       |     7 ||     7
 Cast: Magic Dart        |    80 |    65 ||   145
  Use: Scroll            |     3 |       ||     3
Armor: Robe              |     1 |     4 ||     5
Dodge: Dodged            |     7 |    21 ||    28
